 Dungeon Crawl Stone Soup version 0.24.0-29-g8ce449bc06 (webtiles) character file.

Game seed: 8019256234992951176, levelgen mode: deterministic

427 PentaManta the Covert (level 6, -3/30 HPs)
             Began as a Spriggan Assassin on Nov 13, 2019.
             Was a Follower of Uskayaw.
             Slain by a gnoll
             ... wielding a +0 flail
              (12 damage)
             ... on level 4 of the Dungeon on Nov 14, 2019.
             The game lasted 00:12:13 (4246 turns).

PentaManta the Covert (Spriggan Assassin)           Turns: 4246, Time: 00:12:13

Health: -3/30      AC:  2    Str: 13    XL:     6   Next: 65%
Magic:  7/7        EV: 30    Int: 13    God:    Uskayaw [*.....]
Gold:   202        SH:  0    Dex: 24    Spells: 5/5 levels left

rFire    . . .     SeeInvis +   a - +2 dagger
rCold    . . .     Gourm    .   (shield restricted)
rNeg     + . .     Faith    .   b - +0 robe
rPois    .         Spirit   .   (helmet restricted)
rElec    .         Reflect  .   (no cloak)
rCorr    .         Harm     .   (gloves unavailable)
MR       +....                  (boots unavailable)
Stlth    +++++.....             (no amulet)
HPRegen  0.10/turn              i - ring of positive energy
MPRegen  0.10/turn              s - +6 ring of strength

@: agile, very quick
A: very small, unfitting armour, see invisible, herbivore, speed 3, slow
metabolism 2
a: Stomp, Renounce Religion


You were on level 4 of the Dungeon.
You worshipped Uskayaw.
Uskayaw was noncommittal.
You were very hungry.

You visited 1 branch of the dungeon, and saw 4 of its levels.

You collected 202 gold pieces.

Inventory:

Hand Weapons
 a - a +2 dagger (weapon)
Missiles
 d - 11 poisoned darts (quivered)
 t - a throwing net
Armour
 b - a +0 robe (worn)
 c - a +0 cloak
 v - a cursed +0 cloak
Jewellery
 i - a ring of positive energy (left hand)
 s - a +6 ring of strength (right hand)
Wands
 m - a wand of random effects (20)
 r - a wand of disintegration (8)
 u - a wand of flame (14)
Scrolls
 g - 3 scrolls of teleportation
 j - 2 scrolls of remove curse
 k - a scroll of identify
 n - a scroll of enchant weapon {unknown}
 q - 2 scrolls of enchant armour
Potions
 h - a potion of might
 l - a potion of agility
 o - 2 potions of cancellation
 p - 2 potions of resistance
Comestibles
 f - 8 rations


   Skills:
 - Level 1.5 Fighting
 + Level 4.3 Short Blades
 - Level 2.0 Throwing
 * Level 7.1 Dodging
 + Level 8.0 Stealth


You had 5 spell levels left.
You didn't know any spells.
Your spell library was empty.

Dungeon Overview and Level Annotations

Branches:
Dungeon (4/15)
 Temple: D:4-7

Altars:
Uskayaw

Annotations:
D:4 Natasha


Innate Abilities, Weirdness & Mutations

You are very small and have problems with some larger weapons.
You are too small for most types of armour.
You have supernaturally acute eyesight. (SInv)
You are a herbivore.
You cover ground extremely quickly.
You need to consume almost no food.


Message History

You stop putting on your armour.
Quiver which item? (- for none, * to show all) (? for menu, Esc to quit)
Quivering
e - 2 curare-tipped darts for throwing.
Throwing (i - inventory. (/) - cycle)
e - 2 curare-tipped darts (quivered)
Press: ? - help, Shift-Dir - straight line, f - gnoll
Aim: a gnoll, wielding a +0 flail (hasn't noticed you)
You throw a curare-tipped dart.
The curare-tipped dart closely misses the gnoll.
Throwing (i - inventory. (/) - cycle)
e - a curare-tipped dart (quivered)
Press: ? - help, Shift-Dir - straight line, f/p - gnoll
Aim: a gnoll, wielding a +0 flail You throw a curare-tipped dart.
The curare-tipped dart hits the gnoll.
The gnoll is poisoned.
The gnoll convulses.
The gnoll seems to slow down.
The gnoll is severely wounded.
You hit the gnoll but do no damage.
The gnoll is severely wounded.
You hit the gnoll.
The gnoll is almost dead.
The gnoll hits you with a +0 flail!
You die...

#....##..<...####
#...##......###.
###..#.....##.##..
#........###......
#......#..###.###.
##.....#...######.
#....###..รท......
##g.....#.##....#.
#@.....)..##....##
###....#...#......
##...#...#......
##.............
#..............
###..#.........
#####..#.....
####..... ##....


You could see a gnoll.

Vanquished Creatures
  An ogre (D:4)
  A scorpion (D:4)
  A crimson imp (D:4)
  A hound (D:4)
  Ijyb (D:3)
  A worker ant (D:4)
  Robin (D:3)
  3 gnolls
  4 adders
  An ooze (D:3)
  A worm (D:4)
  3 leopard geckos
  10 orcs
  2 ball pythons (D:1)
  9 bats
  3 giant cockroaches
  16 goblins
  4 hobgoblins
  7 jackals (D:2)
  A quokka (D:2)
  6 frilled lizards
  4 kobolds
  7 rats
88 creatures vanquished.

Notes
Turn   | Place    | Note
-------+----------+-------------------------------------------
     0 | D:1      | PentaManta the Spriggan Assassin began the quest for the
                  | Orb.
     0 | D:1      | Reached XP level 1. HP: 10/10 MP: 2/2
     0 | D:1      | Upgraded the game from 0.24.0-28-g17ded55e90 to
                  | 0.24.0-29-g8ce449bc06
   348 | D:1      | Reached skill level 6 in Stealth
   366 | D:1      | Reached XP level 2. HP: 14/14 MP: 3/3
   926 | D:2      | Reached XP level 3. HP: 13/18 MP: 4/4
  1356 | D:2      | Found a hide-covered altar of Uskayaw.
  1378 | D:2      | Became a worshipper of Uskayaw the Reveler
  1435 | D:2      | Reached * piety under Uskayaw
  1978 | D:3      | Reached XP level 4. HP: 21/22 MP: 5/5
  2005 | D:3      | Reached ** piety under Uskayaw
  2565 | D:3      | Noticed Robin
  2731 | D:3      | Found a faded altar of an unknown god.
  2800 | D:3      | Noticed Ijyb
  2803 | D:3      | Killed Ijyb
  2803 | D:3      | Reached skill level 5 in Dodging
  2962 | D:3      | Killed Robin
  2962 | D:3      | Reached skill level 7 in Stealth
  2962 | D:3      | Reached XP level 5. HP: 25/25 MP: 6/6
  3697 | D:4      | Reached *** piety under Uskayaw
  3698 | D:4      | Reached XP level 6. HP: 21/30 MP: 7/7
  4047 | D:4      | Noticed Natasha
  4126 | D:4      | Reached skill level 8 in Stealth
  4246 | D:4      | Slain by a gnoll

Levels and vault maps discovered:
D:1:      dpeg_arrival_rooms_with_view, layout_basic
D:2:      layout_basic, eat_drink_and_be_merry_uskayaw, st_stairs_13,
          columned_hall_lemuel, kennysheep_generic_room_10
D:3:      layout_loops_ring, chequers_ecumenical_altar_grove, uniq_ijyb,
          uniq_robin
D:4:      layout_cave_pools, first_ration, uniq_natasha

Skill      XL: |  1  2  3  4  5  6 |
---------------+-------------------+-----
Dodging        | 2 3 4 5 6 7 |  7.1
Stealth        | 6 7 8 |  8.0
Short Blades   | 3 4 |  4.3
Fighting       | |  1.5
Throwing       | |  2.0

Action                   |  1- 3 |  4- 6 || total
-------------------------+-------+-------++-------
Melee: Dagger            |   168 |   194 ||   362
Throw: Dart              |       |    26 ||    26
  Use: Scroll            |       |    12 ||    12
       Potion            |       |     1 ||     1
 Stab: Sleeping          |    10 |    10 ||    20
       Distracted        |     1 |       ||     1
       Paralysed         |       |     2 ||     2
Armor: Robe              |    21 |    16 ||    37
Dodge: Dodged            |   119 |   117 ||   236
